[Event "CIS Master Groups 2024"]
[Site "Vasto"]
[Date "2024.04.14"]
[Round "11.8"]
[White "Bellia, Fabrizio"]
[Black "Ladron De Guevara Pinto, Paolo"]
[Result "0-1"]
[ECO "B70"]
[WhiteElo "2384"]
[BlackElo "2394"]
[Annotator "TA"]
[PlyCount "92"]
[EventDate "2024.04.07"]
[EventType "team-tourn"]
[EventCountry "ITA"]
[SourceTitle "playchess.com"]
[Source "ChessBase"]
[SourceQuality "1"]
[TimeControl "40/5400+30:900+30"]

1. e4 c5 2. Nf3 d6 3. d4 cxd4 4. Nxd4 Nf6 5. Nc3 g6 6. g3 Nc6 7. Bg2 Nxd4 8. Qxd4 Bg7 9. O-O O-O 10. h3 Be6 11. Qe3 Qc8 12. g4 Nd7 {[%emt 0:03:27] Black is slightly better.} 13. Bd2 {[%emt 0:06:54] [#]} b5 $1 14. Rab1 Nb6 15. b3 {[%emt 0:03:46] Prevents Nc4.} b4 $36 {[%emt 0:01:00][%mdl 2048] Black has good play.} 16. Nd5 Bxd5 17. exd5 Qxc2 18. Bxb4 Qxa2 19. Qxe7 Rad8 20. Rfe1 (20. Bxd6 $2 Nc8 $19) (20. Qe3 $11 {keeps the balance.}) 20... a5 $1 $17 {[%emt 0:00:12] Black continues to play with concentration.} 21. Qe3 (21. Bxd6 $2 Nc8 $19) 21... axb4 22. Qxb6 Bc3 23. Red1 {[%emt 0:01:23] [#]} Qe2 $1 24. Bf1 Qe5 {[%emt 0:00:54] Black is more active.} 25. Rd3 f5 26. Qe3 Qxe3 27. fxe3 fxg4 28. hxg4 Ra8 29. Bg2 Ra2 30. Rf1 Rb2 31. e4 Kg7 ({Don't do} 31... Rxb3 32. e5) 32. g5 Rxf1+ ({Don't take} 32... Rxb3 33. e5 dxe5 34. Rdd1) 33. Bxf1 $19 {[%emt 0:00:21][%mdl 4096] Endgame. KRB-KRB} Rd2 ({Not} 33... Rxb3 34. e5 $11) 34. Rh3 Bd4+ 35. Kh1 Be5 36. Rf3 $2 {[%emt 0:02:49] [#]} (36. Bc4) 36... Rh2+ $1 37. Kg1 Rh5 38. Bh3 Rxg5+ 39. Kf2 h5 40. Be6 Kh6 41. Bd7 (41. Rd3 $142) 41... Bg7 42. Be6 Bc3 (42... Bd4+ $142 43. Ke2 Rg2+ 44. Kd3 Be5) 43. Rf7 (43. Rd3 {was forced.}) 43... Bd4+ {[%emt 0:00:00] Black is clearly winning.} 44. Kf3 (44. Ke2 $142) 44... Be5 45. Re7 Rg3+ 46. Ke2 Kg5 {[%emt 0:00:00] Weighted Error Value: White=0.47/Black=0.11 (very precise) .  Mistake:       	White=5     	Black=1      Inaccurate:     	White=4     	Black=1      OK:         	White=7     	Black=16     Best:        	White=3     	Black=4      Strong:       	---       	Black=3} 0-1

[Event "CIS Master Groups 2024"]
[Site "Vasto"]
[Date "2024.04.14"]
[Round "11.9"]
[White "Favaloro, Andrea"]
[Black "Zwirs, Nico"]
[Result "1/2-1/2"]
[ECO "B55"]
[WhiteElo "2412"]
[BlackElo "2480"]
[Annotator "TA"]
[PlyCount "22"]
[EventDate "2024.04.07"]
[EventType "team-tourn"]
[EventCountry "ITA"]
[SourceTitle "playchess.com"]
[Source "ChessBase"]
[SourceQuality "1"]
[TimeControl "40/5400+30:900+30"]

1. e4 c5 2. Nf3 d6 3. d4 cxd4 4. Nxd4 Nf6 5. Bd3 Nc6 6. Be3 Ng4 7. Nxc6 bxc6 8. Bd2 e5 9. O-O Be7 10. c4 O-O 11. Nc3 Rb8 {[%emt 0:10:52] A rather calm draw.   Weighted Error Value: White=0.02 (flawless) /Black=0.09 (flawless) .  OK:         	White=4     	Black=1} 1/2-1/2

[Event "CIS Master Groups 2024"]
[Site "Vasto"]
[Date "2024.04.14"]
[Round "11.10"]
[White "Loiacono, Leonardo"]
[Black "Iturrizaga Bonelli, Eduardo"]
[Result "0-1"]
[ECO "B41"]
[WhiteElo "2309"]
[BlackElo "2589"]
[Annotator "TA"]
[PlyCount "64"]
[EventDate "2024.04.07"]
[EventType "team-tourn"]
[EventCountry "ITA"]
[SourceTitle "playchess.com"]
[Source "ChessBase"]
[SourceQuality "1"]
[TimeControl "40/5400+30:900+30"]

1. e4 c5 2. Nf3 e6 3. d4 cxd4 4. Nxd4 a6 5. c4 Nf6 6. Nc3 Bb4 7. Qd3 d6 8. Nc2 Bxc3+ 9. Qxc3 {[%emt 0:00:03] White is slightly better.} O-O 10. Bd3 b5 11. cxb5 axb5 12. f3 Bb7 13. Be3 Nc6 14. O-O Rc8 15. Qb3 ({White should play} 15. Bxb5 $14 Na7 16. Bc4 (16. Bxa7 $2 Rxc3 17. bxc3 Qa5 $19)) 15... d5 $11 16. exd5 Nxd5 {[%emt 0:00:44] ...Na5 is the strong threat.} 17. Rfd1 (17. Bxb5 $2 Na5 18. Qa4 Rxc2 $19) 17... Na5 {[%emt 0:19:34] Excellent horsemanship.} 18. Qa3 (18. Qxb5 $2 {loses.} Bc6 19. Qa6 Ra8 20. Bxh7+ (20. Ba7 $2 Qc7 $19) 20... Kxh7 $19) 18... Nc4 19. Bxc4 Rxc4 20. Nb4 Qf6 21. Nxd5 Bxd5 22. b3 (22. Rd2 $1 $11) 22... Rc2 $17 {[%emt 0:01:39][%cal Oc2g2] [#] ( -> ...Rxg2+!)} 23. Bf2 {[%emt 0:01:56] White is weak on the light squares} Qg5 24. Kf1 h6 {[%emt 0:11:17] Black is much more active.} 25. Qb4 Rfc8 $40 {[%emt 0:00:06][%mdl 128] Black attacks.} 26. Qe1 {[%emt 0:01:48][%mdl 8192] This move loses the game for White.} (26. Qd4 $15) 26... R8c3 $19 27. Bg3 $2 {[%emt 0:03:26] [#]} (27. Rd4 Bxf3 28. gxf3 Rxf3 29. Rad1 Rfxf2+ (29... Rcxf2+ $2 30. Qxf2 Rxf2+ 31. Kxf2 $19) 30. Qxf2 Rxf2+ 31. Kxf2) 27... Bxf3 $1 28. gxf3 Rxf3+ ({Weaker is} 28... Re3 29. Rd8+ Kh7 30. Qd1 $11) 29. Kg1 Re3 30. Qf2 Rxf2 {[%emt 0:00:07] Black mates.} 31. Kxf2 Rc3 32. a4 Qe3+ {[%emt 0:00:12] Weighted Error Value: White=0.73/Black=0.04 (flawless) .  Loses game:     	White=1     	---        Mistake:       	White=3     	---        Inaccurate:     	---       	Black=1      OK:         	White=10    	Black=7      Best:        	White=1     	Black=2} 0-1

[Event "CIS Master Groups 2024"]
[Site "Vasto"]
[Date "2024.04.14"]
[Round "11.11"]
[White "Bertagnolli, Alexander"]
[Black "Damia, Angelo"]
[Result "1-0"]
[ECO "A45"]
[WhiteElo "2333"]
[BlackElo "2234"]
[Annotator "TA"]
[PlyCount "95"]
[EventDate "2024.04.07"]
[EventType "team-tourn"]
[EventCountry "ITA"]
[SourceTitle "playchess.com"]
[Source "ChessBase"]
[SourceQuality "1"]
[TimeControl "40/5400+30:900+30"]

1. d4 Nf6 2. Bg5 e6 3. e4 c5 4. c3 cxd4 5. Bxf6 gxf6 6. cxd4 d5 7. exd5 Qxd5 8. Nc3 {[%emt 0:00:15] White is slightly better.} Bb4 9. Qa4+ Nc6 10. Qxb4 Nxb4 11. Nxd5 Nxd5 12. Bc4 Nb6 13. Bb3 Bd7 14. Ne2 Bc6 15. f3 Rd8 16. Kf2 Ke7 17. Rhd1 Rd6 18. Rd2 Rhd8 19. Rad1 Bd5 20. Bxd5 Nxd5 21. Rc1 Nb4 22. Rc7+ R6d7 23. Rxd7+ Rxd7 $11 {[%emt 0:00:11][%mdl 4096] Endgame. KRN-KRN} 24. a3 Nc6 25. Ke3 Na5 26. Rc2 {[%emt 0:01:02] Prevents Nc4+.} b5 27. Kd3 e5 28. Rc5 a6 29. Kc3 {[%emt 0:00:50] Against Nb3} Kd6 {[%emt 0:07:06] ...exd4+ is the strong threat.} 30. Rc8 Rc7+ 31. Rxc7 Kxc7 {[%emt 0:00:02] KN-KN} 32. Ng3 Nc4 33. Ne4 Ne3 {[%emt 0:06:12] This move loses the game for Black.} (33... f5 $11 {and Black has nothing to worry.} 34. Ng5 exd4+ 35. Kxd4 Nxb2) 34. Nxf6 $18 Nd1+ (34... Kd6 $16 35. g3 (35. Nxh7 Nxg2 36. Ng5 f6 $16) 35... Nd1+ 36. Kc2 Ne3+ 37. Kd3 exd4 38. Kxd4 Nf1 39. Ne4+ (39. Nxh7 Nxh2 40. Ng5 Ke7 $18) 39... Ke7) 35. Kc2 Ne3+ 36. Kd3 exd4 37. g4 (37. Kxd4 Nxg2 38. Nxh7 Kd6 $18) 37... Nc4 38. Kxd4 ({Weaker is} 38. Nxh7 Ne5+ 39. Ke4 (39. Kxd4 Nxf3+ 40. Ke4 Nxh2 $16) 39... d3 $16) 38... Nxb2 39. Nxh7 {[%emt 0:00:16] aiming for h4.} Nc4 40. h4 {[%emt 0:01:13] And now Ng5 would win.} Nxa3 $2 {[%emt 0:00:29] [#]} (40... Kd6 41. Ng5 Ke7) 41. Ng5 $1 Kd7 42. Nxf7 Nc2+ 43. Kd3 Nb4+ 44. Kc3 a5 45. h5 (45. Ne5+ $142 Ke6 46. Nd3) 45... Ke7 $2 (45... Ke6 46. Ng5+ Ke5) 46. Ne5 Kf6 {[%emt 0:01:49] [#]} 47. h6 $1 Nd5+ (47... Kxe5 48. h7) 48. Kd4 {[%emt 0:00:00] Weighted Error Value: White=0.17 (very precise) /Black=0.63.  Mistake:       	---       	Black=4      Inaccurate:     	White=2     	Black=3      OK:         	White=17    	Black=7      Best:        	White=5     	Black=1      Strong:       	White=1     	---} 1-0

[Event "CIS Master Groups 2024"]
[Site "Vasto"]
[Date "2024.04.14"]
[Round "11.12"]
[White "Stromboli, Carlo"]
[Black "Mazzilli, Piero"]
[Result "0-1"]
[ECO "B55"]
[WhiteElo "2192"]
[BlackElo "2311"]
[Annotator "TA"]
[PlyCount "77"]
[EventDate "2024.04.07"]
[EventType "team-tourn"]
[EventCountry "ITA"]
[SourceTitle "playchess.com"]
[Source "ChessBase"]
[SourceQuality "1"]
[TimeControl "40/5400+30:900+30"]

1. e4 c5 2. Nf3 d6 3. d4 cxd4 4. Nxd4 Nf6 5. Bd3 Nc6 6. Ne2 g6 7. c4 Bg7 8. Nbc3 {[%emt 0:00:28] White has an edge.} O-O 9. O-O a6 10. h3 Bd7 11. Be3 Rb8 (11... Ne5 $5) 12. b3 Nb4 13. a4 a5 14. Qd2 Bc6 15. Rad1 Nd7 16. Nd5 Bxd5 17. exd5 Nc5 18. Bc2 Qb6 19. Rb1 Rbd8 20. Nd4 Rfe8 21. Rfe1 e5 22. dxe6 fxe6 23. Nb5 d5 24. cxd5 exd5 25. Bg5 Rc8 {[%emt 0:00:56] White must now prevent ...Ne6.} 26. Rxe8+ Rxe8 27. Rd1 Ne6 {[%emt 0:02:11] Strongly threatening ...Nxg5. Excellent horsemanship.} 28. Re1 $2 {[%emt 0:00:35][%mdl 8192] [#]} (28. h4 $11 {and White has nothing to worry.}) 28... Qc6 $1 $19 29. Bb1 (29. Rxe6 Qxe6 30. Bd1) 29... Nxg5 30. Rxe8+ Qxe8 31. Qxg5 Qe1+ 32. Kh2 Qxb1 33. Qd8+ Bf8 34. Qxa5 Qxb3 35. Qa7 d4 36. Qxd4 Qd5 {[%emt 0:00:00] Dodges Nd6} ({Worse is} 36... Qxa4 37. Qc4+ Kg7 38. Qd4+ Kf7 (38... Kg8 39. Qc4+ Kg7 40. Qd4+ Kf7 41. Qf4+ Kg8 42. Qc4+ $11) 39. Qf4+ Kg7 (39... Kg8 40. Qc4+ Kg7 41. Qc7+ Kh8 42. Qe5+ Kg8 43. Qe6+ Kg7 44. Qe5+ Kg8 45. Qe6+ Kg7 46. Qd7+ Kh6 47. Qd2+ Kg7 48. Qc3+ Kf7 49. Qc4+ Ke7 50. Qc5+ Kf7 51. Qc4+ Kf6 52. Qd4+ Ke7 53. Qd6+ Kf7 54. Qf4+ Kg8 55. Qc4+ $11) 40. Qd4+ Kg8 41. Qc4+ Kg7 42. Qd4+ $11) 37. Qb6 Nd3 {[%emt 0:00:00] ( -> ...Ne1)} 38. Kg1 {[%emt 0:00:00] [#]} (38. Qd4 $19 Qxd4 39. Nxd4) 38... Bc5 (38... Nf4 $142 39. Qe6+ Qxe6 (39... Nxe6 {gets mated.} 40. Nc3 Qd2 41. g3 Qxc3 42. h4 Qf3 43. Kf1 Nd4 44. Kg1 Ne2+ 45. Kf1 Nxg3+ 46. Kg1 Qh1#) 40. Kh2 Qe4 41. Kg3 Ne2+ (41... Qxg2+ $2 42. Kxf4 Bh6+ 43. Ke5 $19) 42. Kh2 Qf4+ (42... Qxa4 43. g3 Qe4 44. Nc3 Nxc3 45. h4 Qf3 46. Kh3 Qxf2 47. h5 Ne4 48. hxg6 Qxg3#) 43. Kh1 Qc1+ 44. Kh2 Qg1#) 39. Qf6 {[%emt 0:02:20] Weighted Error Value: White=0.51/Black=0.28 (precise) .  Loses game:     	White=1     	---        Mistake:       	White=2     	Black=1      Inaccurate:     	White=5     	Black=3      OK:         	White=9     	Black=14     Best:        	---       	Black=3      Strong:       	---       	Black=1} 0-1

[Event "CIS Master Groups 2024"]
[Site "Vasto"]
[Date "2024.04.14"]
[Round "11.13"]
[White "Glek, Igor"]
[Black "Livaic, Leon"]
[Result "1/2-1/2"]
[ECO "B90"]
[WhiteElo "2409"]
[BlackElo "2549"]
[Annotator "TA"]
[PlyCount "39"]
[EventDate "2024.04.07"]
[EventType "team-tourn"]
[EventCountry "ITA"]
[SourceTitle "playchess.com"]
[Source "ChessBase"]
[SourceQuality "1"]
[TimeControl "40/5400+30:900+30"]

1. e4 c5 2. Nf3 d6 3. d4 cxd4 4. Nxd4 Nf6 5. Nc3 a6 6. a4 e5 7. Nf3 Qc7 8. Bg5 Nbd7 9. Nd2 h6 10. Bxf6 Nxf6 11. Bc4 Be6 12. Qe2 Rc8 13. Bb3 Be7 14. O-O O-O 15. Rfd1 Qc5 16. h3 Rfd8 17. a5 d5 {[%emt 0:06:35] The position is equal.} 18. exd5 Nxd5 19. Nxd5 Bxd5 {[%emt 0:00:06] This pair of bishops is nice.} 20. Ne4 {[%emt 0:00:58] Not much happened in this game.   Weighted Error Value: White=0.08 (flawless) /Black=0.06 (flawless) .  Inaccurate:     	White=2     	Black=1      OK:         	White=7     	Black=4} 1/2-1/2

[Event "CIS Master Groups 2024"]
[Site "Vasto"]
[Date "2024.04.14"]
[Round "11.15"]
[White "Sedina, Elena"]
[Black "Casadio, Niccolo`"]
[Result "0-1"]
[ECO "B53"]
[WhiteElo "2190"]
[BlackElo "2309"]
[Annotator "TA"]
[PlyCount "90"]
[EventDate "2024.04.07"]
[EventType "team-tourn"]
[EventCountry "ITA"]
[SourceTitle "playchess.com"]
[Source "ChessBase"]
[SourceQuality "1"]
[TimeControl "40/5400+30:900+30"]

1. e4 c5 2. Nf3 d6 3. d4 cxd4 4. Qxd4 Nf6 5. Be2 g6 6. O-O Bg7 7. h3 O-O 8. Rd1 {[%emt 0:01:28] The position is equal.} Nc6 9. Qe3 Be6 10. Ng5 Bd7 11. c3 Rc8 12. Nd2 Qc7 13. Nb3 a6 14. Nf3 Rfd8 15. Bd2 b5 16. c4 Qb7 17. Na5 Qa8 18. Bf1 Re8 19. Nxc6 Bxc6 20. e5 Ne4 21. cxb5 Bxb5 22. Bxb5 axb5 23. Re1 d5 {[%emt 0:02:32] Black is more active.} 24. Bb4 Rc4 25. a3 e6 26. Rac1 {[%emt 0:01:44] Inhibits Rc2.} Rec8 27. Rxc4 (27. b3 $11 {remains equal.} Rxc1 28. Rxc1) 27... bxc4 $17 28. Nd2 Bxe5 (28... Nxd2 $17 29. Qxd2 Bf8) 29. f3 ({White must play} 29. Nxe4 $15 dxe4 30. Bc3) 29... Nxd2 $1 $19 30. Qxe5 {[%emt 0:00:15][%cal Ob4c3] aiming for Bc3!} Nb3 31. Qe3 $2 {[%emt 0:01:32] Now White is beyond hope.} (31. h4 $17) 31... d4 32. Qf2 c3 33. Qc2 Qd5 {[%emt 0:00:19] Threatens to win with ...d3.} 34. Rd1 (34. bxc3 {was worth a try.} dxc3 35. Kh2) 34... Qc4 $2 (34... d3 35. Rxd3 Qxd3 (35... Nd4 $2 36. Rxd4 Qxd4+ 37. Kh2 $17) 36. Qxd3 c2) 35. bxc3 (35. Bd6 $142) 35... dxc3 36. Kh1 e5 (36... Nd4 37. Qxc3 Qxc3 38. Bxc3 Rxc3 39. Rxd4 $17) 37. Rd3 $2 {[%emt 0:00:55] [#]} (37. Bxc3 Nd4 (37... Qxc3 38. Rd8+ Kg7 39. Rxc8 $11) 38. Qe4 Qxc3 39. Qxe5) 37... Qxd3 $3 38. Qxd3 c2 39. Qxb3 c1=Q+ {[%emt 0:00:08][%mdl 4096] Endgame. KQR-KQB} (39... c1=B $2 {loses.} 40. Bc3 $18) 40. Kh2 Qf4+ 41. Kg1 Rc1+ {[%emt 0:15:06] Black mates.} 42. Kf2 Qd4+ 43. Kg3 h5 44. h4 Rh1 45. Be7 Qf4+ {[%emt 0:00:00] Weighted Error Value: White=0.76/Black=0.18 (very precise) .  Loses game:     	White=1     	---        Mistake:       	White=5     	Black=2      Inaccurate:     	White=4     	Black=4      OK:         	White=5     	Black=12     Strong:       	---       	Black=1      Brilliant:      	---       	Black=1} 0-1

[Event "CIS Master Groups 2024"]
[Site "Vasto"]
[Date "2024.04.14"]
[Round "11.16"]
[White "Belli, Giorgio"]
[Black "Di Trapani, Davide"]
[Result "1-0"]
[ECO "C78"]
[WhiteElo "2109"]
[BlackElo "2161"]
[Annotator "TA"]
[PlyCount "61"]
[EventDate "2024.04.07"]
[EventType "team-tourn"]
[EventCountry "ITA"]
[SourceTitle "playchess.com"]
[Source "ChessBase"]
[SourceQuality "1"]
[TimeControl "40/5400+30:900+30"]

1. e4 e5 2. Nf3 Nc6 3. Bb5 a6 4. Ba4 Nf6 5. O-O b5 6. Bb3 Bc5 7. c3 d6 8. d4 Bb6 9. a4 Rb8 10. Qd3 Bd7 11. Bg5 h6 12. Bh4 {[%emt 0:00:00] The position is equal.} exd4 13. Nxd4 (13. cxd4 $5 g5 14. Bg3 $15) 13... Ne5 14. Qe2 Ng6 15. Bg3 O-O 16. Nd2 Re8 17. a5 Ba7 18. Rfe1 d5 19. e5 c5 20. N4f3 (20. Qf3 $11 Bg4 21. Nc6 Bxf3 22. Nxd8 Rbxd8 23. exf6) 20... Nh5 ({Better is} 20... c4 $15 21. Bc2 Nh5) 21. Bxd5 $11 Nxg3 (21... c4 {seems wilder.} 22. e6 fxe6 23. Bxb8 exd5 24. Qxe8+ Bxe8 25. Bxa7 Nhf4) 22. hxg3 (22. fxg3 c4+ 23. Kh1 Bf5 $15) 22... Bf5 23. Be4 (23. c4 $16) 23... Bxe4 $1 $14 24. Qxe4 Nxe5 $2 {[%emt 0:00:46][%mdl 8192] [#] Loses the game.} 25. Nxe5 $18 Qxd2 26. Rad1 (26. Qf3 $142) 26... Qxb2 $2 (26... Qg5 27. Rd7 Rbd8 28. Rxa7 f6) 27. Qf5 ({Less strong is} 27. Rd7 Qxc3 28. Re3 (28. Rxa7 Re6 $18) (28. Rxf7 $2 Rxe5 $19) 28... Qa1+ 29. Kh2 (29. Re1 Qa2 $18) 29... Re6 $18) 27... Qxc3 (27... Qa2 $142 28. Nc6 Ra8 29. Nxa7 Qxa5 30. Qxc5 Qa2) 28. Qxf7+ Kh7 29. Qg6+ ({Inferior is} 29. Qxa7 Rxe5 30. Rxe5 Qxe5 $11) 29... Kg8 30. Re3 {[%emt 0:00:00] Black is weak on the light squares} ({Not} 30. Qxa6 Rxe5 31. Rxe5 Qxe5 $14) 30... Qxa5 31. Rd7 {[%emt 0:00:00][%csl LRa7,LRg7] Weighted Error Value: White=0.33/Black=0.66.  Loses game:     	---       	Black=1      Mistake:       	White=3     	Black=3      Inaccurate:     	White=2     	Black=3      OK:         	White=4     	Black=5      Best:        	White=2     	Black=2      Strong:       	---       	Black=1} 1-0

[Event "CIS Master Groups 2024"]
[Site "Vasto"]
[Date "2024.04.14"]
[Round "11.17"]
[White "Gueci, Tea"]
[Black "Costantino, Gaia"]
[Result "1-0"]
[ECO "C78"]
[WhiteElo "2205"]
[BlackElo "1854"]
[Annotator "TA"]
[PlyCount "79"]
[EventDate "2024.04.07"]
[EventType "team-tourn"]
[EventCountry "ITA"]
[SourceTitle "playchess.com"]
[Source "ChessBase"]
[SourceQuality "1"]
[TimeControl "40/5400+30:900+30"]

1. e4 e5 2. Nf3 Nc6 3. Bb5 a6 4. Ba4 Nf6 5. O-O b5 6. Bb3 Bc5 7. a4 Rb8 8. c3 d6 9. d4 Bb6 10. a5 Ba7 11. h3 O-O 12. Be3 {[%emt 0:00:12] The position is equal.} Nd7 $2 {[%emt 0:13:08] [#] A mistake that costs the game.} (12... Nxe4 13. Bd5 exd4 14. cxd4) (12... exd4 $11 {and Black stays safe.} 13. cxd4 Nxe4) 13. d5 $1 $18 Bxe3 14. dxc6 Bxf2+ 15. Rxf2 Nc5 16. Bd5 Ne6 17. g3 Qe8 18. Nbd2 h6 19. c4 bxc4 20. Nxc4 Nd8 (20... Nc5 {was necessary.} 21. Ne3 Be6) 21. Nh4 Kh7 {[%emt 0:06:43] [#]} (21... Nxc6 $142 22. Ng6 Ne7) 22. Nxd6 $1 {[%emt 0:00:47][%mdl 512] White is clearly winning.} cxd6 23. c7 Rb4 24. cxd8=Q Qxd8 25. Bxf7 Bxh3 26. Qf3 Rb7 27. Bg6+ Kg8 {[%emt 0:00:16] [#]} 28. Bh7+ $1 Kxh7 29. Qxf8 Qg5 30. Kh2 Rb3 31. Rg1 (31. Kxh3 $2 Qxg3#) 31... Be6 32. Nf5 Qh5+ {[%emt 0:03:03] [#]} 33. Kg2 $1 Qg4 {[%emt 0:00:45] [#]} 34. Qxg7+ $1 Qxg7 35. Nxg7 Kxg7 {[%emt 0:00:09] KRR-KRB} 36. Rd1 {[%emt 0:00:10] Prevents Rd3} Bc4 37. Rxd6 {[%emt 0:01:18] Strongly threatening Rc2.} Re3 38. Rc2 Bf7 39. Rc7 Rxe4 40. Rdd7 {[%emt 0:00:10] Weighted Error Value: White=0.26 (precise) /Black=0.69.  Loses game:     	---       	Black=1      Mistake:       	---       	Black=2      OK:         	White=7     	Black=4      Best:        	White=1     	Black=1      Strong:       	White=1     	---        Brilliant:      	White=1     	---} 1-0

[Event "CIS Master Groups 2024"]
[Site "Vasto"]
[Date "2024.04.14"]
[Round "11.18"]
[White "Glover, Sharon"]
[Black "Grimaldi, Angela Flavia"]
[Result "1-0"]
[ECO "B34"]
[WhiteElo "1705"]
[BlackElo "1983"]
[Annotator "NA RC"]
[PlyCount "99"]
[EventDate "2024.04.07"]
[EventType "team-tourn"]
[EventCountry "ITA"]
[SourceTitle "playchess.com"]
[Source "ChessBase"]
[SourceQuality "1"]
[TimeControl "40/5400+30:900+30"]

1. e4 c5 2. Nf3 g6 3. d4 cxd4 4. Nxd4 Nc6 5. Nc3 Bg7 6. Be3 Nf6 7. Be2 O-O 8. O-O d5 9. exd5 Nxd5 10. Nxd5 Qxd5 11. Bf3 Qc4 12. Nxc6 bxc6 13. c3 Bf5 14. Qb3 Qa6 15. Bc5 Rab8 16. Qa3 Qxa3 17. Bxa3 Rfc8 18. Rfe1 Be6 19. h3 c5 20. Bg4 Bxg4 21. hxg4 e6 22. Rab1 Rb6 23. Rbd1 Ra6 24. Re3 Bh6 25. Red3 Bg5 26. g3 h6 27. Rd7 Bf6 28. R1d3 Kg7 29. Rb7 c4 30. Rdd7 Bxc3 31. Rxf7+ Kg8 32. bxc3 Rxa3 33. Rg7+ Kh8 34. Rxg6 Rxc3 35. Rxh6+ Kg8 36. Rxe6 Rc1+ 37. Kg2 c3 38. Ree7 a5 39. Rbc7 Rxc7 40. Rxc7 Rc2 41. a4 Kf8 42. Kf3 Ke8 43. Rc5 Kf7 44. Rxa5 Ra2 45. Rc5 c2 46. a5 Ra3+ 47. Ke2 Ra2 48. Kd2 c1=Q+ 49. Kxc1 Rxf2 50. Rf5+ 1-0

[Event "CIS Master Groups 2024"]
[Site "Vasto"]
[Date "2024.04.14"]
[Round "11.19"]
[White "Martinelli, Valeria"]
[Black "Lustro, Clara"]
[Result "1-0"]
[ECO "D02"]
[WhiteElo "2034"]
[BlackElo "1561"]
[Annotator "NA RC"]
[PlyCount "45"]
[EventDate "2024.04.07"]
[EventType "team-tourn"]
[EventCountry "ITA"]
[SourceTitle "playchess.com"]
[Source "ChessBase"]
[SourceQuality "1"]
[TimeControl "40/5400+30:900+30"]

1. d4 d5 2. Nf3 Nf6 3. Bf4 c5 4. e3 Bf5 5. Bb5+ Nbd7 6. Nc3 e6 7. O-O a6 8. Bd3 Bg4 9. h3 Bh5 10. Re1 Be7 11. a4 Qb6 12. a5 Qxb2 13. Na4 Qb4 14. c3 Qxa5 15. Nxc5 Qxc3 16. Nxb7 Bxf3 17. gxf3 e5 18. dxe5 Nxe5 19. Bxa6 O-O 20. Be2 Rfb8 21. Rc1 Qa3 22. Bxe5 Rxb7 23. Ra1 1-0

[Event "CIS Master Groups 2024"]
[Site "Vasto"]
[Date "2024.04.14"]
[Round "11.20"]
[White "Romeo, Eleonora"]
[Black "Fiolo, Costanza"]
[Result "0-1"]
[ECO "C55"]
[WhiteElo "1533"]
[BlackElo "1863"]
[Annotator "NA RC"]
[PlyCount "76"]
[EventDate "2024.04.07"]
[EventType "team-tourn"]
[EventCountry "ITA"]
[SourceTitle "playchess.com"]
[Source "ChessBase"]
[SourceQuality "1"]
[TimeControl "40/5400+30:900+30"]

1. e4 Nf6 2. Nc3 e5 3. Nf3 Nc6 4. Bc4 Nxe4 5. Bxf7+ Kxf7 6. Nxe4 d5 7. Neg5+ Kg8 8. d3 Be7 9. Bd2 h6 10. Nh3 Bg4 11. Nhg1 Bh5 12. Ne2 Qf8 13. Ng3 Bxf3 14. Qxf3 Qxf3 15. gxf3 Rf8 16. O-O-O Rxf3 17. Rdf1 Kh7 18. Rhg1 Rhf8 19. Rg2 R8f7 20. Kd1 Bc5 21. Be1 Ne7 22. Ke2 Ng6 23. Nh5 Rh3 24. Rfg1 Rxh5 25. Rxg6 Rxh2 26. R6g2 Rxg2 27. Rxg2 g5 28. f3 Kg6 29. b4 Bd6 30. Bd2 Rf5 31. a3 h5 32. Be1 Rf8 33. Bd2 Be7 34. c3 h4 35. Be1 Rh8 36. Bd2 Kf5 37. Rf2 h3 38. Rh2 g4 0-1